 Dungeon Sprint DCSS version 0.26-a0-695-g987792ac36 (webtiles) character file.

Game seed: 13517884518436679655

189 sahdkjhfkaj the Conjurer (level 5, -1/42 HPs)
             Began as a Gnoll Conjurer on Oct 26, 2020.
             Was a Follower of Sif Muna.
             Killed from afar by a gargoyle (26 damage)
             ... with a stone arrow
             ... in the Dungeon (Sprint IX: "|||||||||||||||||||||||||||||").
             The game lasted 00:01:18 (376 turns).

sahdkjhfkaj the Conjurer (Gnoll Conjurer)            Turns: 376, Time: 00:01:19

Health: -1/42      AC:  4    Str: 10    XL:     5   Next: 68%
Magic:  3/13       EV: 16    Int: 24    God:    Sif Muna [*.....]
Gold:   0          SH:  0    Dex: 16    Spells: 13/16 levels left

rFire    . . .     SeeInvis .   l - +2 scimitar (flame)
rCold    . . .     Faith    .   (no shield)
rNeg     . . .     Spirit   .   a - +0 robe
rPois    .         Reflect  .   m - +0 helmet
rElec    .         Harm     .   (no cloak)
rCorr    .         Rampage  .   n - +0 pair of gloves
MR       .....     NoTele   +   (no boots)
Stlth    +++.......             (no amulet)
HPRegen  0.14/turn              p - +3 ring of intelligence
MPRegen  0.13/turn              o - +3 ring of dexterity

@: no status effects
A: distributed training, fangs 1, strong nose
a: Channel Magic, Renounce Religion


You were in the Dungeon.
You worshipped Sif Muna.
Sif Muna was aware of your devotion.
You visited 1 branch

Inventory:

Hand Weapons
 l - a +2 scimitar of flaming (weapon)
Armour
 a - a +0 robe (worn)
 m - a +0 helmet (worn)
 n - a +0 pair of gloves (worn)
Jewellery
 o - a +3 ring of dexterity (right hand)
 p - a +3 ring of intelligence (left hand)
Wands
 k - a wand of iceblast (10)
Scrolls
 h - 2 scrolls of blinking {!r}
 i - 3 scrolls of remove curse {!r}
 j - 2 scrolls of amnesia {!r}
Potions
 b - a potion of invisibility {!q}
 c - 5 potions of curing {!q}
 d - 3 potions of heal wounds {!q}
 e - a potion of haste {!q}
 f - 4 potions of magic {!q}
 g - a potion of berserk rage {!q}


   Skills:
 + Level 3.8 Fighting
 + Level 3.8 Short Blades
 + Level 3.8 Long Blades
 + Level 3.8 Axes
 + Level 3.8 Maces & Flails
 + Level 3.8 Polearms
 + Level 3.8 Staves
 + Level 3.8 Slings
 + Level 3.8 Bows
 + Level 3.8 Crossbows
 + Level 3.8 Throwing
 + Level 3.8 Armour
 + Level 6.0 Dodging
 + Level 5.7 Stealth
 + Level 3.8 Shields
 + Level 3.8 Unarmed Combat
 + Level 6.3 Spellcasting
 + Level 7.8 Conjurations
 + Level 3.1 Hexes
 + Level 3.1 Summonings
 + Level 3.1 Necromancy
 + Level 3.1 Translocations
 + Level 3.1 Transmutations
 + Level 3.1 Fire Magic
 + Level 3.1 Ice Magic
 + Level 3.1 Air Magic
 + Level 3.1 Earth Magic
 + Level 3.1 Poison Magic
 + Level 4.2 Invocations
 + Level 3.8 Evocations


You had 13 spell levels left.
You knew the following spells:

 Your Spells              Type           Power        Failure   Level
a - Magic Dart            Conj           ####         1%          1
b - Searing Ray           Conj           #####.       1%          2

Your spell library contained the following spells:

 Spells                   Type           Power        Failure   Level
 Dazzling Flash           Conj/Hex       ####..       2%          3
 Fulminant Prism          Conj/Hex       ####......   8%          4
 Iskenderun's Mystic Bla  Conj/Tloc      ####....     8%          4


Dungeon Overview and Level Annotations

Branches:
Dungeon (1/1)

Altars:
Cheibriados
Dithmenos
Elyvilon
Fedhas
Gozag
Hepliaklqana
Kikubaaqudgha
Makhleb
Nemelex Xobeh
Okawaru
Qazlal
Ru
Sif Muna
Trog
Uskayaw
Vehumet
Wu Jian
Xom
Yredelemnul
Zin
The Shining One
Beogh
Jiyva
Lugonu


Innate Abilities, Weirdness & Mutations

Your experience applies equally to all skills.
You have very sharp teeth.
Your uncanny sense of smell can sniff out nearby items.


Message History

Unknown command.
Unknown command.
Unknown command.
Unknown command.
Unknown command.
Unknown command.
Unknown command.
Casting: Searing Ray (safe; 1% risk of failure)
Confirm with . or Enter, or press ? or * to list all spells.
Aiming: Searing Ray (safe; 1% risk of failure)
Press: ? - help, Shift-Dir - straight line, f - gargoyle
Aim: a gargoyle, wielding a +2 morningstar of venom (moderately damaged)
The searing ray hits the gargoyle!
The gargoyle is severely damaged. (Press . to maintain the ray.)
The two-headed ogre shouts in stereo!
The hornet buzzes angrily.
The gargoyle hurls a stone arrow at you.
The stone arrow hits you!!
Ouch! That really hurt!
You die...

▓.▓
∆
▓.▓
▓O▓
∆
▓.▓
▓y▓
∆
▓.▓
∆
▓9▓
∆
▓@▓
∆
▓.▓
▓[▓
▓.▓
▓.▓
▓.▓
▓)▓
▓.▓
▓.▓


You could see a two-headed ogre, a hornet and a gargoyle.

Vanquished Creatures
  A bullfrog (D)
  2 howler monkeys (D)
  An iguana (D)
  A gnoll (D)
  2 oozes (D)
  A bat skeleton (D)
  A bat zombie (D)
  A goblin (D)
  2 kobolds (D)
  A leopard gecko zombie (D)
13 creatures vanquished.

Notes
Turn   | Place    | Note
-------+----------+-------------------------------------------
     0 | D        | sahdkjhfkaj the Gnoll Conjurer began the quest for the Orb.
     0 | D        | Reached XP level 1. HP: 13/13 MP: 6/6
    16 | D        | Reached skill level 1 in Fighting
    16 | D        | Reached skill level 1 in Short Blades
    16 | D        | Reached skill level 1 in Long Blades
    16 | D        | Reached skill level 1 in Axes
    16 | D        | Reached skill level 1 in Maces & Flails
    16 | D        | Reached skill level 1 in Polearms
    16 | D        | Reached skill level 1 in Staves
    16 | D        | Reached skill level 1 in Slings
    16 | D        | Reached skill level 1 in Bows
    16 | D        | Reached skill level 1 in Crossbows
    16 | D        | Reached skill level 1 in Throwing
    16 | D        | Reached skill level 1 in Armour
    16 | D        | Reached skill level 1 in Shields
    16 | D        | Reached skill level 1 in Unarmed Combat
    16 | D        | Reached skill level 5 in Spellcasting
    16 | D        | Reached skill level 1 in Invocations
    16 | D        | Reached skill level 1 in Evocations
    33 | D        | Reached XP level 2. HP: 9/21 MP: 1/8
    41 | D        | Reached skill level 1 in Hexes
    41 | D        | Reached skill level 1 in Summonings
    41 | D        | Reached skill level 1 in Necromancy
    41 | D        | Reached skill level 1 in Translocations
    41 | D        | Reached skill level 1 in Transmutations
    41 | D        | Reached skill level 1 in Fire Magic
    41 | D        | Reached skill level 1 in Ice Magic
    41 | D        | Reached skill level 1 in Air Magic
    41 | D        | Reached skill level 1 in Earth Magic
    41 | D        | Reached skill level 1 in Poison Magic
   248 | D        | Learned a level 2 spell: Searing Ray
   255 | D        | Reached skill level 5 in Dodging
   255 | D        | Reached XP level 3. HP: 27/27 MP: 6/9
   310 | D        | Found a roughly hewn altar of Beogh.
   310 | D        | Found a snail-covered altar of Cheibriados.
   310 | D        | Found a shadowy altar of Dithmenos.
   310 | D        | Found a white marble altar of Elyvilon.
   310 | D        | Found a blossoming altar of Fedhas.
   310 | D        | Found an opulent altar of Gozag.
   311 | D        | Found a hazy altar of Hepliaklqana.
   312 | D        | Found a viscous altar of Jiyva.
   313 | D        | Found an ancient bone altar of Kikubaaqudgha.
   314 | D        | Found a corrupted altar of Lugonu.
   315 | D        | Found a burning altar of Makhleb.
   316 | D        | Found a sparkling altar of Nemelex Xobeh.
   317 | D        | Found an iron altar of Okawaru.
   318 | D        | Found a stormy altar of Qazlal.
   319 | D        | Found a sacrificial altar of Ru.
   320 | D        | Found a shimmering blue altar of Sif Muna.
   321 | D        | Found a bloodstained altar of Trog.
   322 | D        | Found a hide-covered altar of Uskayaw.
   323 | D        | Found a radiant altar of Vehumet.
   324 | D        | Found an ornate altar of the Wu Jian Council.
   325 | D        | Found a shimmering altar of Xom.
   326 | D        | Found a basalt altar of Yredelemnul.
   327 | D        | Found a glowing silver altar of Zin.
   328 | D        | Found a glowing golden altar of the Shining One.
   330 | D        | Became a worshipper of Sif Muna the Loreminder
   371 | D        | Noticed a two-headed ogre
   371 | D        | Noticed a hornet
   371 | D        | Noticed a gargoyle
   371 | D        | Noticed a bullfrog
   373 | D        | Reached skill level 5 in Stealth
   373 | D        | Reached XP level 4. HP: 28/34 MP: 8/11
   375 | D        | Killed a bullfrog
   375 | D        | Reached XP level 5. HP: 24/41 MP: 6/13
   375 | D        | Reached * piety under Sif Muna
   376 | D        | Killed from afar by a gargoyle

Illustrated notes

Levels and vault maps discovered:
D:        linesprint [early_d, line_temple, items_1, d_10, items_2, lair_1,
          lair_end, items_3, orc_1, orc_end, items_4, d_15, swamp_1, shoals_1,
          snake_1, spider_1, d_20, vaults_1, items_5, swamp_end, shoals_end,
          snake_end, spider_end, vaults_end, d_27, items_6, zot_1, zot_end,
          crypt_end, forest_end, elf_end, slime_end, tomb_end, abyss_end,
          pan_hell_end]

Skill      XL: |  1  2  3  4  5 |
---------------+----------------+-----
Fighting       | 1 2 3 |  3.8
Short Blades   | 1 2 3 |  3.8
Long Blades    | 1 2 3 |  3.8
Axes           | 1 2 3 |  3.8
Maces & Flails | 1 2 3 |  3.8
Polearms       | 1 2 3 |  3.8
Staves         | 1 2 3 |  3.8
Slings         | 1 2 3 |  3.8
Bows           | 1 2 3 |  3.8
Crossbows      | 1 2 3 |  3.8
Throwing       | 1 2 3 |  3.8
Armour         | 1 2 3 |  3.8
Shields        | 1 2 3 |  3.8
Unarmed Combat | 1 2 3 |  3.8
Spellcasting   | 5 6 |  6.3
Invocations    | 1 2 3 4 |  4.2
Evocations     | 1 2 3 |  3.8
Hexes          | 1 2 3 |  3.1
Summonings     | 1 2 3 |  3.1
Necromancy     | 1 2 3 |  3.1
Translocations | 1 2 3 |  3.1
Transmutations | 1 2 3 |  3.1
Fire Magic     | 1 2 3 |  3.1
Ice Magic      | 1 2 3 |  3.1
Air Magic      | 1 2 3 |  3.1
Earth Magic    | 1 2 3 |  3.1
Poison Magic   | 1 2 3 |  3.1
Dodging        | 5 6 |  6.0
Stealth        | 5 |  5.7
Conjurations   | |  7.8

Action                   |  1- 3 |  4- 6 || total
-------------------------+-------+-------++-------
Melee: Unarmed           |    28 |       ||    28
       Bite              |     2 |       ||     2
 Cast: Magic Dart        |     9 |       ||     9
       Searing Ray       |     2 |     1 ||     3
Armor: Robe              |     2 |       ||     2
Dodge: Dodged            |    24 |     1 ||    25

Table legend: (Time is in decaauts)
 A = Elapsed time spent in this place.
 B = Non-inter-level travel time spent in this place.
 C = Inter-level travel time spent in this place.
 D = Time resting spent in this place.
 E = Time spent auto-exploring this place.
 F = Levels seen in this place.
 G = Mean time per level.
                   A        B        C        D        E       F      G
               +--------+--------+--------+--------+--------+-----+--------+
         Total |    374 |    374 |      0 |    250 |      0 |   1 |  374.0 |
       Dungeon |    374 |    374 |      0 |    250 |      0 |   1 |  374.0 |
               +--------+--------+--------+--------+--------+-----+--------+

Top non-repeatable levels by time:
       D: 374 daAuts
